 Dungeon Sprint DCSS version 0.27.1-34-g3ba077fa99 (webtiles) character file.

Game seed: 2433193645987681888

62566 Arum the Impregnable (level 15, -23/151 HPs)
             Began as a Formicid Fighter on Jan 16, 2022.
             Was the Champion of Okawaru.
             Killed from afar by an ironbound frostheart (42 damage)
             ... by creeping frost
             ... in the Dungeon (Sprint IX: "|||||||||||||||||||||||||||||").
             The game lasted 00:11:29 (4782 turns).

Arum the Impregnable (Formicid Fighter)             Turns: 4782, Time: 00:11:29

Health: -23/151    AC: 30    Str: 30    XL:     15   Next: 46%
Magic:  20/21      EV: 13    Int:  8    God:    Okawaru [******]
Gold:   18         SH: 16    Dex: 10    Spells: 14/14 levels left

rFire    . . .     SeeInvis +   r - +7 lajatang (vorpal)
rCold    . . .     Faith    .   x - +2 kite shield {reflect}
rNeg     . . .     Spirit   .   u - +1 storm dragon scales
rPois    +         Reflect  +   (helmet unavailable)
rElec    +         Harm     .   D - +0 cloak {rPois}
rCorr    .         Rampage  .   a - +0 pair of gloves
Will     +....                  C - +1 pair of boots {Stlth+}
Stlth    +.........             (no amulet)
HPRegen  0.35/turn              m - +3 ring of strength
MPRegen  0.17/turn              n - +2 ring of evasion

@: heroic
A: permanent stasis, dig shafts and tunnels, antennae 3, four strong arms
a: Dig, Renounce Religion, Heroism, Finesse


You were in the Dungeon.
You worshipped Okawaru.
Okawaru was exalted by your worship.
You visited 1 branch You collected 1921 gold pieces.
You spent 1903 gold pieces at shops.

Inventory:

Hand Weapons
 c - the +3 lajatang of Light {flame, rN++}
   (You acquired it in the Dungeon)

   It burns those it strikes, dealing additional fire damage.
   Big, fiery blades are also staple armaments of hydra-hunters.
   rN:        It greatly protects you from negative energy.
 k - a +6 quarterstaff of speed
 r - a +7 vorpal lajatang (weapon)
Missiles
 t - 10 javelins
Armour
 a - a +0 pair of gloves (worn)
 u - +1 storm dragon scales (worn)
 x - a +2 kite shield of reflection (worn)
 C - a +1 pair of boots of stealth (worn)
 D - a +0 cloak of poison resistance (worn)
Jewellery
 m - a +3 ring of strength (left hand)
 n - a +2 ring of evasion (right hand)
 y - a ring of willpower
 A - a ring of protection from fire
 B - a ring of protection from cold
Wands
 j - a wand of iceblast (6)
Scrolls
 i - 2 scrolls of amnesia
 o - 2 scrolls of fear
 p - a scroll of identify
 q - a scroll of fog
 s - 4 scrolls of enchant armour
Potions
 b - 4 potions of brilliance
 d - 2 potions of might
 e - 7 potions of curing
 g - 4 potions of magic
 h - a potion of invisibility
 l - a potion of mutation
 v - a potion of cancellation
 w - a potion of resistance
 z - a potion of attraction
 E - a potion of berserk rage {unknown}


   Skills:
 + Level 23.7(27) Fighting
 + Level 22.1(27) Staves
 + Level 23.7(27) Armour
 - Level 9.0(14.0) Shields
 - Level 8.0 Invocations


You had 14 spell levels left.
You didn't know any spells.
Your spell library contained the following spells:

 Spells                   Type           Power      Damage    Failure   Level
 Magic Dart               Conj           0%         1d3       65%         1
 Call Imp                 Summ           0%         N/A       78%         2
 Mephitic Cloud           Conj/Pois/Air  0%         N/A       95%         3


Dungeon Overview and Level Annotations

Branches:
Dungeon (1/1)

Altars:
Cheibriados
Dithmenos
Elyvilon
Fedhas
Gozag
Hepliaklqana
Kikubaaqudgha
Makhleb
Nemelex Xobeh
Okawaru
Qazlal
Ru
Sif Muna
Trog
Uskayaw
Vehumet
Wu Jian
Xom
Yredelemnul
Zin
The Shining One
Beogh
Jiyva
Lugonu

Shops:
D !???


Innate Abilities, Weirdness & Mutations

You cannot be hasted, slowed, berserked, paralysed or teleported.
You can dig through walls and to a lower floor.
You have a pair of large antennae on your head. (SInv)
Your four strong arms can wield two-handed weapons with a shield.


Message History

The vault sentinel blows a loud note on a signal horn!
You gain the combat prowess of a mighty hero.
The slime creature misses you.
You barely miss the slime creature.
The slime creature is severely wounded.
You block the slime creature's attack.
You completely miss the slime creature.
The slime creature is severely wounded.
The ice encasing you melts away.
The vault sentinel blows a loud note on a signal horn!
A great orb of eyes comes into view.
The slime creature hits you.
* * * LOW HITPOINT WARNING * * *
You hear a screech!
You slice the slime creature!!
You kill the slime creature!
Okawaru accepts your kill.
You slice the wizard like a ripe choko!!!
You kill the wizard!
Okawaru accepts your kill.
Unknown command.
An ironbound preserver comes into view. It is wielding a +0 flail.
The ironbound preserver shouts!
Items here: ))) [[[ ††.
You slash the slime creature!
The slime creature is moderately wounded.
The slime creature hits you but does no damage.
The vault sentinel blows a loud note on a signal horn!
You slice the slime creature!!
The slime creature is almost dead.
You block the slime creature's attack.
You slash the slime creature!
You kill the slime creature!
Okawaru accepts your kill.
The ironbound preserver gestures wildly while chanting.
The ironbound preserver begins to accept its allies' injuries.
An ironbound frostheart comes into view.
The ironbound frostheart calls freezing cold from the walls.
The frost grips you!!!
You die...

[[[[[[[[...!...?.?÷)(.....[......
▓▓▓▓▓▓▓▓▓▓▓▓▓▓▓▓▓▓▓▓▓▓▓▓▓▓▓▓▓▓▓▓▓
.................................
▓▓▓▓▓▓▓▓▓▓▓▓▓▓▓▓▓▓▓▓▓♣♣♣♣♣♣♣♣♣♣▓▓
.†)))))....'.☼.......'††.†)).†.'[
▓▓▓▓▓▓▓▓▓▓▓▓▓▓▓▓▓▓▓▓▓♣♣♣♣♣♣♣♣♣♣▓▓
........)........................
▓▓▓▓▓▓▓▓▓▓▓▓▓▓▓▓▓▓▓▓▓▓▓▓▓▓▓▓▓▓▓▓▓
(÷..........+)))@.ppG.pp


{{{{{{{{ ▓▓▓▓▓▓▓▓▓▓▓▓▓▓▓▓▓▓▓▓▓▓▓▓ { You could see an ironbound preserver, a
great orb of eyes (sheltered), 2 ironbound frosthearts and a vault sentinel
(sheltered, catching breath).

Vanquished Creatures
  2 liches (D)
  Gastronok (D)
  2 sphinxes (D)
  2 vault wardens (D)
  2 ironbound preservers (D)
  2 very ugly things (D)
  2 stone giants (D)
  Azrael (D)
  An eleionoma (D)
  2 ettins (D)
  A merfolk javelineer (D)
  Snorg (D)
  Josephine (D)
  2 ironbound thunderhulks (D)
  4 fire dragons (D)
  A yaktaur captain (D)
  3 hydras (D)
  A rakshasa (D)
  2 ice dragons (D)
  4 great orbs of eyes (D)
  A salamander tyrant (D)
  A ghost crab (D)
  A two-headed ogre (D)
  A centaur warrior (D)
  A tengu warrior (D)
  A deep troll earth mage (D)
  A vampire mage (D)
  A shock serpent (D)
  2 naga sharpshooters (D)
  A hell knight (D)
  2 sea snakes (D)
  A salamander mystic (D)
  2 wizards (D)
  An orc knight (D)
  2 mana vipers (D)
  6 orc sorcerers (D)
  A wolf spider (D)
  A deep elf pyromancer (D)
  A cyclops (D)
  3 slime creatures (D)
  A moth of wrath (D)
  An ugly thing (D)
  A guardian serpent (D)
  A vault sentinel (D)
  4 merfolk sirens (D)
  A water nymph (D)
  Joseph (D)
  3 cane toads (D)
  2 komodo dragons (D)
  A rime drake (D)
  2 demonic crawlers (D)
  5 polar bears (D)
  3 hornets (D)
  A troll (shapeshifter) (D)
  A blink frog (D)
  A dream sheep (D)
  2 redbacks (D)
  A spriggan (D)
  2 tarantellas (D)
  A yak (D)
  2 fire elementals (D)
  5 wraiths (D)
  A vampire (D)
  A basilisk (D)
  Grum (D)
  A naga (D)
  3 hell hounds (D)
  4 water moccasins (D)
  12 orc warriors (D)
  3 black bears (D)
  A boggart (D)
  4 wolves (D)
  A centaur (D)
  3 bullfrogs (D)
  2 howler monkeys (D)
  2 jellies (D)
  4 orc priests (D)
  7 orc wizards (D)
  2 adders (D)
  An adder skeleton (D)
  An adder simulacrum (D)
  5 orcs (D)
  2 bat zombies (D)
  An endoplasm (D)
  A giant cockroach (D)
  A goblin (D)
  A kobold (D)
  A rat (D)
176 creatures vanquished.

Vanquished Creatures (others)
  4 hydras (D)
  A goliath frog (D)
  2 hornets (D)
  A spriggan (D)
  2 orc wizards (D)
10 creatures vanquished.

Grand Total: 186 creatures vanquished

Notes
Turn   | Place    | Note
-------+----------+-------------------------------------------
     0 | D        | Arum the Formicid Fighter began the quest for the Orb.
     0 | D        | Reached XP level 1. HP: 18/18 MP: 1/1
   102 | D        | Noticed a jelly
   102 | D        | Noticed a jelly
   106 | D        | Killed a jelly
   107 | D        | Reached skill level 5 in Shields
   107 | D        | Reached XP level 2. HP: 17/26 MP: 2/2
   107 | D        | Reached XP level 3. HP: 20/31 MP: 3/3
   109 | D        | Reached skill level 5 in Fighting
   109 | D        | Reached skill level 5 in Armour
   109 | D        | Reached XP level 4. HP: 22/39 MP: 4/4
   260 | D        | Found a snail-covered altar of Cheibriados.
   260 | D        | Found a shadowy altar of Dithmenos.
   260 | D        | Found a white marble altar of Elyvilon.
   260 | D        | Found a blossoming altar of Fedhas.
   260 | D        | Found an opulent altar of Gozag.
   261 | D        | Found a hazy altar of Hepliaklqana.
   262 | D        | Found a viscous altar of Jiyva.
   263 | D        | Found an ancient bone altar of Kikubaaqudgha.
   264 | D        | Found a corrupted altar of Lugonu.
   265 | D        | Found a burning altar of Makhleb.
   266 | D        | Found a sparkling altar of Nemelex Xobeh.
   267 | D        | Found an iron altar of Okawaru.
   268 | D        | Found a stormy altar of Qazlal.
   269 | D        | Found a sacrificial altar of Ru.
   270 | D        | Found a shimmering blue altar of Sif Muna.
   271 | D        | Found a bloodstained altar of Trog.
   272 | D        | Found a hide-covered altar of Uskayaw.
   273 | D        | Found a radiant altar of Vehumet.
   274 | D        | Found an ornate altar of the Wu Jian Council.
   275 | D        | Became a worshipper of Warmaster Okawaru
   276 | D        | Found a shimmering altar of Xom.
   277 | D        | Found a basalt altar of Yredelemnul.
   278 | D        | Found a glowing silver altar of Zin.
   279 | D        | Found a glowing golden altar of the Shining One.
   326 | D        | Noticed a centaur
   326 | D        | Noticed a hornet
   326 | D        | Noticed a hornet
   332 | D        | Killed a centaur
   333 | D        | Reached skill level 5 in Staves
   333 | D        | Reached XP level 5. HP: 47/47 MP: 5/5
   341 | D        | Killed a hornet
   341 | D        | Reached * piety under Okawaru
   342 | D        | Reached XP level 6. HP: 50/56 MP: 6/6
   342 | D        | Reached XP level 7. HP: 55/62 MP: 7/7
   349 | D        | Killed a hornet
   349 | D        | Reached ** piety under Okawaru
   457 | D        | Noticed a slime creature
   457 | D        | Noticed a deep elf pyromancer
   457 | D        | Noticed a slime creature
   457 | D        | Noticed a vampire
   457 | D        | Noticed a two-headed ogre
   467 | D        | Killed a deep elf pyromancer
   468 | D        | Reached skill level 10 in Fighting
   468 | D        | Reached skill level 10 in Armour
   468 | D        | Reached XP level 8. HP: 64/74 MP: 5/8
   474 | D        | Killed a large slime creature
   474 | D        | Reached *** piety under Okawaru
   475 | D        | Reached skill level 10 in Staves
   486 | D        | Killed a vampire
   487 | D        | Reached XP level 9. HP: 62/82 MP: 6/9
   488 | D        | Killed a two-headed ogre
   686 | D        | Noticed a seven-headed hydra
   686 | D        | Noticed a blink frog
   686 | D        | Noticed a cane toad
   686 | D        | Noticed a komodo dragon
   686 | D        | Noticed a rime drake
   692 | D        | Noticed an eight-headed hydra
   694 | D        | Killed a seven-headed hydra
   694 | D        | Reached **** piety under Okawaru
   695 | D        | Reached XP level 10. HP: 68/92 MP: 7/10
   706 | D        | Noticed a cane toad
   710 | D        | Killed a cane toad
   721 | D        | Killed a komodo dragon
   730 | D        | Killed an eight-headed hydra
   730 | D        | Reached ***** piety under Okawaru
   733 | D        | Killed a rime drake
   739 | D        | Killed a cane toad
   990 | D        | Noticed a komodo dragon
   990 | D        | Noticed a cane toad
   996 | D        | Killed a komodo dragon
   996 | D        | Received a gift from Okawaru
   998 | D        | Killed a cane toad
   999 | D        | Reached skill level 15 in Fighting
   999 | D        | Reached skill level 15 in Armour
   999 | D        | Reached XP level 11. HP: 102/102 MP: 8/11
  1180 | D        | Noticed Joseph
  1189 | D        | Killed Joseph
  1236 | D        | Noticed an ettin
  1250 | D        | Killed an ettin
  1251 | D        | Reached skill level 15 in Staves
  1254 | D        | Received a gift from Okawaru
  1479 | D        | Noticed an orc knight
  1496 | D        | Killed an orc knight
  1684 | D        | Found Sahosaph's Distillery.
  1684 | D        | Noticed an orc sorcerer
  1689 | D        | Noticed an orc sorcerer
  1690 | D        | Killed an orc sorcerer
  1691 | D        | Reached XP level 12. HP: 113/113 MP: 6/12
  1691 | D        | Found Gampahets's Magic Scroll Shoppe.
  1698 | D        | Found Boeh's Magic Scroll Emporium.
  1712 | D        | Found Ufitit's Magic Scroll Shoppe.
  1910 | D        | Bought a potion of mutation for 112 gold pieces
  1914 | D        | Bought a scroll of acquirement for 520 gold pieces
  1914 | D        | Bought a scroll of acquirement for 520 gold pieces
  1920 | D        | Bought a scroll of brand weapon for 200 gold pieces
  1927 | D        | Acquired a +2 kite shield of reflection
  1940 | D        | Acquired the +3 lajatang of Light {flame, rN++}
  1955 | D        | Bought a potion of cancellation for 112 gold pieces
  1955 | D        | Bought a potion of resistance for 140 gold pieces
  1955 | D        | Bought a potion of heal wounds for 70 gold pieces
  1955 | D        | Bought a potion of attraction for 42 gold pieces
  1955 | D        | Bought a potion of heal wounds for 70 gold pieces
  1955 | D        | Bought a potion of curing for 42 gold pieces
  1957 | D        | Bought a scroll of enchant armour for 75 gold pieces
  2011 | D        | Noticed Grum
  2028 | D        | Killed Grum
  2040 | D        | Noticed Josephine
  2049 | D        | Killed Josephine
  2185 | D        | Noticed an eight-headed hydra
  2185 | D        | Noticed a centaur warrior
  2191 | D        | Killed a six-headed hydra
  2201 | D        | Noticed a stone giant
  2205 | D        | Reached ****** piety under Okawaru
  2206 | D        | Noticed an ice dragon
  2211 | D        | Killed a centaur warrior
  2216 | D        | Killed a stone giant
  2216 | D        | Received a gift from Okawaru
  2217 | D        | Reached skill level 5 in Invocations
  2224 | D        | Killed an ice dragon
  2225 | D        | Reached XP level 13. HP: 26/124 MP: 15/17
  2552 | D        | Noticed a great orb of eyes
  2554 | D        | Noticed a white very ugly thing
  2555 | D        | Noticed an ice dragon
  2556 | D        | Noticed a fire dragon
  2568 | D        | Killed a great orb of eyes
  2575 | D        | Killed a white very ugly thing
  2591 | D        | Killed an ice dragon
  2596 | D        | Killed a fire dragon
  2860 | D        | Noticed Gastronok
  2870 | D        | Killed Gastronok
  2870 | D        | Received a gift from Okawaru
  2977 | D        | Noticed a salamander tyrant
  2984 | D        | Killed a salamander tyrant
  3013 | D        | Received a gift from Okawaru
  3189 | D        | Noticed a merfolk javelineer
  3203 | D        | Received a gift from Okawaru
  3215 | D        | Killed a merfolk javelineer
  3508 | D        | Reached XP level 14. HP: 136/136 MP: 14/20
  3973 | D        | Noticed Snorg
  3980 | D        | Killed Snorg
  3980 | D        | Received a gift from Okawaru
  4048 | D        | Noticed Azrael
  4060 | D        | Killed Azrael
  4269 | D        | Noticed a lich
  4269 | D        | Noticed a lich
  4270 | D        | Noticed a red very ugly thing
  4279 | D        | Killed a lich
  4293 | D        | Killed a lich
  4297 | D        | Killed a red very ugly thing
  4339 | D        | Noticed a stone giant
  4342 | D        | Noticed a sphinx
  4343 | D        | Noticed a sphinx
  4362 | D        | Killed a stone giant
  4363 | D        | Reached XP level 15. HP: 17/148 MP: 21/21
  4369 | D        | Killed a sphinx
  4376 | D        | Killed a sphinx
  4721 | D        | Noticed an ironbound preserver
  4721 | D        | Noticed a vault warden
  4722 | D        | Noticed a vault warden
  4734 | D        | Killed an ironbound preserver
  4734 | D        | Received a gift from Okawaru
  4743 | D        | Noticed an ironbound preserver
  4746 | D        | Killed a vault warden
  4768 | D        | Killed a vault warden
  4771 | D        | Killed an ironbound preserver
  4779 | D        | Noticed an ironbound preserver
  4782 | D        | Killed from afar by an ironbound frostheart

Illustrated notes

Levels and vault maps discovered:
D:        linesprint [early_d, line_temple, items_1, d_10, items_2, lair_1,
          lair_end, items_3, orc_1, orc_end, items_4, d_15, swamp_1, shoals_1,
          snake_1, spider_1, d_20, vaults_1, items_5, swamp_end, shoals_end,
          snake_end, spider_end, vaults_end, d_27, items_6, zot_1, zot_end,
          crypt_end, forest_end, elf_end, slime_end, tomb_end, abyss_end,
          pan_hell_end]

Skill      XL: |  1  2  3  4  5  6  7  8  9 10 11 12 13 14 15 |
---------------+----------------------------------------------+-----
Shields        | 5 7 9 |  9.0
Fighting       | 4 5 6 8 10 11 13 15 16 18 20 22 23 | 23.7
Staves         | 3 4 5 7 9 10 12 13 15 17 19 21 22 | 22.1
Armour         | 4 5 6 8 10 11 13 15 16 18 20 22 23 | 23.7
Invocations    | 6 8 |  8.0

Action                   |  1- 3 |  4- 6 |  7- 9 | 10-12 | 13-15 || total
-------------------------+-------+-------+-------+-------+-------++-------
Melee: Quarterstaff      |    18 |    28 |    49 |    48 |       ||   143
       Lajatang          |       |       |       |   231 |   343 ||   574
Invok: Heroism           |       |       |     3 |     3 |     4 ||    10
       Finesse           |       |       |       |     1 |     7 ||     8
Evoke: Wand              |       |       |     3 |     1 |       ||     4
  Use: Scroll            |       |       |     2 |     5 |       ||     7
       Potion            |       |       |       |     2 |     7 ||     9
Armor: Scale mail        |     4 |     1 |       |       |       ||     5
       Plate armour      |       |     3 |     7 |    37 |       ||    47
       Storm dragon scal |       |       |       |    27 |   100 ||   127
Dodge: Dodged            |     3 |     9 |     8 |    56 |    63 ||   139
Block: Kite shield       |    10 |    23 |    19 |   102 |   100 ||   254
       Reflection        |       |       |       |     1 |     2 ||     3
